 Dungeon Crawl Stone Soup version 0.32-a0-938-g40ac7a0f4d (webtiles) character file.

Game seed: 18376781469262422581

204 Hubris850 the Slasher (level 5, -1/38 HPs)
             Began as a Coglin Gladiator on Apr 15, 2024.
             Slain by an orc
             ... wielding a +0 mace
              (4 damage)
             ... on level 3 of the Dungeon.
             The game lasted 00:04:32 (2493 turns).

Hubris850 the Slasher (Coglin Gladiator)            Turns: 2493, Time: 00:04:34

Health: -1/38      AC:  6    Str: 14    XL:     5   Next: 82%
Magic:  5/5        EV: 12    Int:  8    God:
Gold:   210        SH:  0    Dex: 17    Spells: 4/4 levels left

rFire   . . .        a - +0 long sword {Belshunu}
rCold   . . .        h - +0 short sword {Renate}
rNeg    . . .        b - +0 leather armour
rPois   .            c - +0 helmet
rElec   .            (no cloak)
rCorr   .            (no gloves)
SInv    .            o - +1 pair of boots
Will    .....        (amulet unavailable)
Stlth   +            (ring unavailable)
HPRegen 0.26/turn    (ring unavailable)
MPRegen 0.09/turn    (no gizmo)

%: no passive effects
@: on fire, glowing, revving
A: off-hand wielding, slow wielding, warmup strikes, no jewellery
a: Invent Gizmo


You were on level 3 of the Dungeon.
You visited 1 branch of the dungeon, and saw 4 of its levels.

You collected 210 gold pieces.

Inventory:

Hand Weapons
 a - a +0 long sword (weapon) {Belshunu}
 f - a +0 dagger {Libusa}
 h - a +0 short sword (offhand) {Renate}
 k - a +0 sling
Missiles
 d - 3 throwing nets (quivered)
 e - a javelin
Armour
 b - a +0 leather armour (worn)
 c - a +0 helmet (worn)
 n - an orb of energy
 o - a +1 pair of boots (worn)
Wands
 m - a wand of mindburst (10)
Scrolls
 l - 4 scrolls of immolation
Potions
 i - 3 potions of might
 j - a potion of attraction


   Skills:
 - Level 2.0 Fighting
 + Level 5.4 Long Blades
 - Level 1.7 Throwing
 - Level 4.0 Dodging


You had 4 spell levels left.
You didn't know any spells.
Your spell library contained the following spells:

 Spells                   Type           Power      Damage    Failure   Level
 Magic Dart               Conj           0%         1d3       50%         1
 Blink                    Tloc           0%         N/A       63%         2
 Call Imp                 Summ           0%         N/A       63%         2


Dungeon Overview and Level Annotations

Branches:
Dungeon (4/15)
 Temple: D:4-7

Altars:
Ashenzari

Shops:
D:4 (


Innate Abilities, Weirdness & Mutations

You can wield a second weapon in your off-hand.
It takes a long time for you to wield or remove held weapons.
Your first few attacks do less damage.
You cannot equip rings or amulets.


Message History

You completely miss the orc with your +0 short sword.
The orc barely misses you. The orc misses you.
The orc hits you with a +0 dagger.
You completely miss the orc with your +0 long sword.
You hit the orc with your +0 short sword.
The orc barely misses you.
You hit the orc but do no damage.
The orc is heavily wounded.
You closely miss the orc with your +0 long sword.
The orc hits you but does no damage. The orc closely misses you.
You slash the bombardier beetle with your +0 long sword!
The bombardier beetle is moderately wounded.
You hit the bombardier beetle with your +0 short sword.
The orc hits you but does no damage. The orc barely misses you.
The bombardier beetle bites you.
You hit the bombardier beetle with your +0 short sword.
The bombardier beetle is heavily wounded.
You barely miss the bombardier beetle with your +0 long sword.
The orc barely misses you. x2
The bombardier beetle sprays incendiary fluid at you.
The burning spray hits you.
You are covered in liquid fire!
The orc priest shouts, "Surrender to Beogh and we'll let you live!" (press Y on the ability menu to convert to Beogh)
The liquid fire burns you!
* * * LOW HITPOINT WARNING * * *
The orc barely misses you. The orc hits you with a +0 mace.
* * * LOW HITPOINT WARNING * * *
You shake off some of the fire as you move.
You climb upwards.
The liquid fire burns you!
* * * LOW HITPOINT WARNING * * *
There is a stone staircase leading down here.
You feel better. The liquid fire burns you!
* * * LOW HITPOINT WARNING * * *
The orc hits you with a +0 dagger.
* * * LOW HITPOINT WARNING * * *
The orc hits you with a +0 mace.
You die...

......##......#..#...............
..###.##......#..###..#.......###
..............#..# #..#..###.##
....#.#.......#..###.##......#
....#............##..##..###.#
....#.#..........##..##..# #.#
รท.....#..######.#.<......# #.#
...............[oo....##.###.#
...............B@####.##.....#
..#..##..######### #.##.##..#
.......<....#########.##.##..####
.................................
................................#
.........##.########..##........#
..#..##.###.########............#
.................................
..#..##.##...............#......#


You could see a bombardier beetle and 2 orcs.

Vanquished Creatures
  A black bear (D:3)
  A bombardier beetle (D:3)
  3 gnolls
  3 ribbon worms (D:2)
  5 orcs
  4 bats
  3 endoplasms (D:3)
  A goblin (D:2)
  3 hobgoblins
  5 kobolds
  3 quokkas
  3 ball pythons
  A frilled lizard (D:3)
  5 rats
41 creatures vanquished.

Notes
Turn   | Place    | Note
-------+----------+-------------------------------------------
     0 | D:1      | Hubris850 the Coglin Gladiator began the quest for the Orb.
     0 | D:1      | Reached XP level 1. HP: 16/16 MP: 1/1
   405 | D:1      | Reached XP level 2. HP: 22/22 MP: 2/2
  1013 | D:2      | Found a faded altar of an unknown god.
  1218 | D:2      | Reached XP level 3. HP: 23/27 MP: 3/3
  1777 | D:3      | Found a broken altar of Ashenzari.
  2143 | D:3      | Noticed a black bear
  2163 | D:3      | Killed a black bear
  2164 | D:3      | Reached skill level 4 in Long Blades
  2164 | D:3      | Reached XP level 4. HP: 16/33 MP: 4/4
  2164 | D:3      | Reached XP level 5. HP: 18/38 MP: 5/5
  2169 | D:3      | Reached skill level 5 in Long Blades
  2440 | D:4      | Found Satydwoj's Antique Weapon Shoppe.
  2493 | D:3      | Slain by an orc

Illustrated notes

Levels and vault maps discovered:
D:1:      elethiomel_arrival_maze, layout_basic
D:2:      layout_loops_ring, shapermc_ecumenical_altar_mp_highgroup
D:3:      layout_basic, evilmike_ruin_ashenzari
D:4:      layout_rooms, mainiacjoe_overflow_chevrons, serial_shops,
          nicolae_stop_n_shop_1

Skill      XL: |  1  2  3  4  5 |
---------------+----------------+-----
Dodging        | 3 4 |  4.0
Long Blades    | 4 5 |  5.4
Fighting       | |  2.0
Throwing       | |  1.7

Action                     |  1- 3 |  4- 6 || total
---------------------------+-------+-------++-------
  Melee: Long sword        |    53 |    29 ||    82
         Short sword       |    45 |    27 ||    72
         Dagger            |     1 |       ||     1
    Use: Scroll            |     7 |       ||     7
         Potion            |       |     1 ||     1
 Armour: Leather armour    |    40 |    38 ||    78
  Dodge: Dodged            |    44 |    30 ||    74

Table legend: (Time is in decaauts)
 A = Elapsed time spent in this place.
 B = Non-inter-level travel time spent in this place.
 C = Inter-level travel time spent in this place.
 D = Time resting spent in this place.
 E = Time spent auto-exploring this place.
 F = Levels seen in this place.
 G = Mean time per level.
                   A        B        C        D        E       F      G
               +--------+--------+--------+--------+--------+-----+--------+
         Total |   2497 |   2419 |     78 |     80 |   2023 |   4 |  624.2 |
       Dungeon |   2497 |   2419 |     78 |     80 |   2023 |   4 |  624.2 |
               +--------+--------+--------+--------+--------+-----+--------+

Top non-repeatable levels by time:
     D:1: 1012 daAuts
     D:3: 743 daAuts
     D:2: 713 daAuts
     D:4: 28 daAuts
